[Event "German Bundesliga 2021-22"]
[Site "Germany"]
[Date "2022.04.10"]
[Round "4.6"]
[White "Zelbel, Patrick"]
[Black "Braeuer, Franz"]
[Result "1/2-1/2"]
[ECO "C77"]
[WhiteElo "2461"]
[BlackElo "2428"]
[Annotator "TA"]
[PlyCount "70"]
[EventDate "2022.03.05"]
[EventType "team-tourn"]
[EventCountry "GER"]
[SourceTitle "playchess.com"]
[Source "ChessBase"]
[SourceQuality "1"]
[TimeControl "40/5400+30:1800+30"]

1. e4 e5 2. Nf3 Nc6 3. Bb5 a6 4. Ba4 Nf6 5. O-O Be7 6. d3 b5 7. Bb3 O-O 8. Nc3 d6 9. a3 h6 {[%emt 0:15:15] C77: Ruy Lopez: 3...a6 4 Ba4 Nf6, unusual lines.} 10. h3 Na5 11. Ba2 c5 {[%emt 0:01:10] The position is equal.} 12. Nd5 Nc6 13. c3 Be6 {[%emt 0:00:30][%cal Oc5c4] [#]} 14. Nh4 $146 ({Predecessor:} 14. Be3 Kh8 15. Qd2 Nh7 16. b4 cxb4 17. axb4 f5 18. Nb6 Bxa2 19. Nxa8 Be6 20. exf5 Bxf5 21. Rxa6 Qc8 22. Rfa1 Bxh3 {1-0 (29) Manukyan,S (2113)-Tsyhanchuk,S (2283) Chess.com INT 2021}) 14... Rc8 15. Nf5 Bxf5 16. exf5 Nxd5 17. Bxd5 Bf6 18. f4 Ne7 19. Ba2 ({Much worse is} 19. Bb7 Rb8 20. Bf3 (20. Bxa6 $2 Qb6 $19) 20... Nxf5 $15) 19... c4 20. fxe5 dxe5 21. Qg4 h5 $1 ({Don't do} 21... Qxd3 22. Bxh6 Qd7 23. Rad1 Qa7+ 24. Kh1 $14) 22. Qxh5 cxd3 {[%emt 0:00:30] aiming for ...d2.} 23. Bd2 {[%emt 0:00:30] Black must now prevent g4.} Nd5 24. Rae1 Nf4 $1 $36 {[%emt 0:11:01][%mdl 2048] Black has the initiative.} 25. Bxf4 exf4 26. Rxf4 d2 27. Rd1 Qb6+ (27... Qe7 $17) 28. Kh1 (28. Rf2 $1 $11 {was the only way to keep the balance.}) 28... Qe3 {[%emt 0:00:30][%mdl 1024] Black has strong compensation.} 29. Rff1 {[%emt 0:00:30] [#]} Rcd8 $1 30. Bb3 {[%emt 0:00:30] [#]} Rd7 (30... Qa7 $1 $17 31. Qf3 Rfe8) 31. Qf3 $1 $15 Qe5 32. Qf4 Qe2 33. Qf3 ({White should play} 33. Rf2 $11 Qe1+ 34. Rf1) 33... Qe5 34. Qf4 $1 Qe2 35. Qf3 Qe5 {[%emt 0:00:30] Weighted Error Value: White=0.21 (precise) /Black=0.15 (very precise)} (35... Re8 $15) 1/2-1/2

[Event "German Bundesliga 2021-22"]
[Site "Germany"]
[Date "2022.04.10"]
[Round "4.7"]
[White "Radovanovic, Nikola"]
[Black "Wagner, Dennis"]
[Result "1/2-1/2"]
[ECO "C48"]
[WhiteElo "2423"]
[BlackElo "2584"]
[Annotator "TA"]
[PlyCount "37"]
[EventDate "2022.03.05"]
[EventType "team-tourn"]
[EventCountry "GER"]
[SourceTitle "playchess.com"]
[Source "ChessBase"]
[SourceQuality "1"]
[TimeControl "40/5400+30:1800+30"]

1. e4 e5 2. Nf3 Nc6 3. Nc3 Nf6 4. Bb5 Nd4 5. Nxd4 exd4 6. e5 dxc3 7. exf6 Qxf6 8. dxc3 Bc5 9. Qe2+ {[%emt 0:00:00] The position is equal.} Qe7 $1 {[%emt 0:03:54][%mdl 4] is more profitable than 9...Qe6 at the moment. C48: Four Knights: 4 Bb5, replies other than 4...Bb4.} 10. O-O Qxe2 11. Bxe2 d5 12. Re1 Be6 13. Bd3 O-O-O {[%emt 0:07:13] [#]} 14. Bf4 $146 ({Predecessor:} 14. Bg5 Rd7 15. Be3 d4 16. cxd4 {½-½ (17) Reinhart,K (2463)-Barnsley,A (2566) ICCF email 2006}) 14... h6 15. Be5 Rhg8 16. Bh7 Rh8 17. Bd3 Rhg8 18. Bh7 Rh8 19. Bd3 {[%emt 0:00:07] A balanced but interesting game.  Weighted Error Value: White=0.01 (flawless) /Black=0.00 (flawless)} 1/2-1/2

[Event "German Bundesliga 2021-22"]
[Site "Germany"]
[Date "2022.04.10"]
[Round "4.7"]
[White "Costa, Leonardo"]
[Black "Buckels, Valentin"]
[Result "0-1"]
[ECO "B12"]
[WhiteElo "2324"]
[BlackElo "2450"]
[Annotator "TA"]
[PlyCount "60"]
[EventDate "2022.03.05"]
[EventType "team-tourn"]
[EventCountry "GER"]
[SourceTitle "playchess.com"]
[Source "ChessBase"]
[SourceQuality "1"]
[TimeControl "40/5400+30:1800+30"]

1. e4 c6 2. d4 d5 3. e5 Bf5 4. Nd2 e6 5. Nb3 Nd7 6. Nf3 Qc7 {[%emt 0:00:00] B12: Caro-Kann: Advance Variation.} 7. Be2 f6 8. Bf4 O-O-O {[%emt 0:00:00] The position is equal.} 9. Bg3 {[%emt 0:04:11] And now exf6 would win.} fxe5 10. Nxe5 Nxe5 11. Bxe5 Bd6 {[%emt 0:00:00] [#]} 12. Bxd6 $146 ({Predecessor:} 12. f4 Nf6 13. O-O Ne4 14. Bf3 b6 15. a4 c5 16. a5 c4 17. Nd2 Nxd2 18. Qxd2 Bxe5 19. fxe5 {1-0 (32) Ljukin,S (2368)-Baldauf,M (2503) Chess.com INT 2020}) 12... Qxd6 13. O-O Nf6 14. Re1 h5 15. Qd2 Rde8 16. Rac1 Be4 17. Nc5 Ng4 {[%emt 0:00:30] [#]} ({Black should play} 17... Re7 $14) 18. g3 $1 $16 Bf5 19. Qa5 Qb8 20. c4 Nxf2 21. Kxf2 $18 h4 {[%emt 0:00:30][%cal Bh5h4,Bh4g3,Bg3g2][%mdl 32] [#] Hoping for ...hxg3+.} 22. Rh1 $2 (22. Rg1 $1 $18) 22... Ref8 $11 23. Ke1 $2 (23. Rhg1 $11 hxg3+ 24. hxg3) 23... hxg3 $19 {[%emt 0:00:30] Black is clearly winning.} 24. cxd5 g2 {[%emt 0:00:30][%mdl 64] Deflection} 25. Rg1 Qxh2 26. Kd2 Qf4+ 27. Kc3 Rh3+ 28. Bd3 Bxd3 ({Stronger than} 28... e5 29. Kb4 Qxd4+ 30. Ka3 Bxd3 31. Rc3 $19) 29. Nxd3 Qe4 30. Rcd1 Rff3 {[%emt 0:00:30] Weighted Error Value: White=0.93/Black=0.12 (very precise)} 0-1

[Event "German Bundesliga 2021-22"]
[Site "Germany"]
[Date "2022.04.10"]
[Round "4.7"]
[White "Rietze, Clemens"]
[Black "Sebastian, Dirk"]
[Result "1/2-1/2"]
[ECO "A58"]
[WhiteElo "2279"]
[BlackElo "2445"]
[Annotator "NA RC"]
[PlyCount "39"]
[EventDate "2022.03.05"]
[EventType "team-tourn"]
[EventCountry "GER"]
[SourceTitle "playchess.com"]
[Source "ChessBase"]
[SourceQuality "1"]
[TimeControl "40/5400+30:1800+30"]

1. d4 Nf6 2. c4 c5 3. d5 b5 4. cxb5 a6 5. bxa6 g6 6. Nc3 Bg7 7. e4 O-O 8. Nf3 Qa5 9. Bd2 Bxa6 10. Be2 d6 11. O-O Bxe2 12. Qxe2 Qa6 13. Qd1 Nbd7 14. Qc2 Rfb8 15. a4 Rb4 16. Nb5 Rxa4 17. Nc7 Qa7 18. Nb5 Qa6 19. Nc7 Qa7 20. Nb5 1/2-1/2

[Event "German Bundesliga 2021-22"]
[Site "Germany"]
[Date "2022.04.10"]
[Round "4.7"]
[White "Meessen, Rudolf"]
[Black "Krasenkow, Michal"]
[Result "1/2-1/2"]
[ECO "D00"]
[WhiteElo "2239"]
[BlackElo "2576"]
[Annotator "TA"]
[PlyCount "85"]
[EventDate "2022.03.05"]
[EventType "team-tourn"]
[EventCountry "GER"]
[SourceTitle "playchess.com"]
[Source "ChessBase"]
[SourceQuality "1"]
[TimeControl "40/5400+30:1800+30"]

1. d4 d5 2. Nc3 Nf6 3. Bf4 e6 4. Nb5 Na6 5. e3 c6 6. Nc3 {[%emt 0:00:00] D00: 1 d4 d5: Unusual lines.} c5 7. Nf3 {[%emt 0:01:49] [#]} c4 $146 ({Predecessor:} 7... Nc7 8. Be2 Bd6 9. O-O O-O 10. Ne5 cxd4 11. exd4 Qe7 12. a3 Bd7 13. Bf3 Rfc8 {1-0 (59) Muminova,N (2274)-Amanov,Z (2338) Chess.com INT 2020}) 8. Ne2 Be7 9. c3 O-O 10. Ng3 b5 11. a3 Nc7 12. Be2 Bb7 13. Qc2 Ne4 14. h4 f5 15. h5 a5 16. Ne5 b4 (16... Nd6 $11) 17. Nxe4 $14 {[%emt 0:02:01] [#] Nc5 is the strong threat.} fxe4 18. a4 {[%emt 0:09:08] &Bianco is more active.} (18. axb4 $16 axb4 19. O-O) 18... b3 19. Qd1 Ne8 20. Bg4 Ra6 21. Kd2 Nf6 22. h6 g6 23. Rh3 Nd7 {[%emt 0:07:19] Strongly threatening ...Nxe5.} 24. f3 Nxe5 25. Bxe5 Bf6 26. Bxf6 Qxf6 27. f4 {[%emt 0:04:21] Against e5} g5 ({Black should play} 27... Bc6 $11) 28. g3 Kh8 29. Qh1 Bc6 {[%emt 0:09:30] [#]} ({Better is} 29... Raa8 $14) 30. Rh5 $1 $16 gxf4 31. gxf4 Rg8 (31... Be8 $142) 32. Qh3 Bd7 33. Rg5 {[%emt 0:08:41] Black must now prevent Rxg8+.} Rxg5 (33... Raa8 $14) 34. fxg5 $18 Qxg5 35. Rf1 Ra8 36. Bxe6 $2 ({White has to play} 36. Rf7 $18 Bc6 37. Bxe6) 36... Bxe6 $11 {[%emt 0:18:46] The position is equal.} (36... Bxa4 {is a self mate.} 37. Qh2) 37. Qxe6 $18 {[%emt 0:00:16][%mdl 4096] Endgame KQR-KQR} Qg2+ 38. Ke1 {[%emt 0:00:09] The board is on fire.} Qxf1+ $1 39. Kxf1 {[%emt 0:00:07] Intending Qf6+ and mate.} Rf8+ 40. Kg2 Rg8+ $1 41. Kf2 {[%emt 0:00:00] White threatens Qe5+ and mate.} Rg2+ $1 42. Kf1 {[%emt 0:00:00] Threatening mate with Qe5+.} Rg1+ 43. Kxg1 {Weighted Error Value: White=0.31/Black=0.16 (very precise)} 1/2-1/2

[Event "German Bundesliga 2021-22"]
[Site "Germany"]
[Date "2022.04.10"]
[Round "4.8"]
[White "Hausrath, Daniel"]
[Black "Pitl, Gregory"]
[Result "1-0"]
[ECO "A11"]
[WhiteElo "2475"]
[BlackElo "2379"]
[Annotator "TA"]
[PlyCount "49"]
[EventDate "2022.03.05"]
[EventType "team-tourn"]
[EventCountry "GER"]
[SourceTitle "playchess.com"]
[Source "ChessBase"]
[SourceQuality "1"]
[TimeControl "40/5400+30:1800+30"]

1. Nf3 d5 2. g3 Nf6 3. Bg2 c6 4. c4 Bf5 5. Qb3 Qb6 6. d3 dxc4 {[%emt 0:03:24] A11: English Opening: 1...c6.} 7. Qxc4 Nbd7 8. O-O e5 {[%emt 0:08:10] [#] White is slightly better.} 9. Ng5 $146 ({Predecessor:} 9. b3 Bd6 10. Bb2 O-O 11. Nbd2 Rac8 12. Qc2 Bb8 13. Nc4 Qa6 14. Ncxe5 Nxe5 15. Bxe5 Bxe5 16. Nxe5 {0-1 (38) Zochowski,K (2233)-Lubczynski,R (2429) Bydgoszcz 2021}) 9... Bg6 10. Be3 Qxb2 (10... Qb4 $11 {remains equal.}) 11. Nd2 $36 {[%emt 0:00:30][%mdl 2048] Keeping Black busy.} Qa3 12. Rab1 {[%emt 0:00:30] &Bianco is much more active. The black rooks are badly placed.} Bc5 {[%emt 0:00:30] [#]} 13. Bxc5 (13. Rxb7 Bxe3 14. fxe3 O-O $14) 13... Qxc5 (13... Nxc5 $16 14. Rfc1 Nfd7) 14. Rxb7 $18 O-O 15. Bxc6 Qa5 16. Nb3 (16. Bxd7 Qxd2 17. Qc1 Qxe2 $15) 16... Qxa2 (16... Qd8 {was called for.} 17. Qa4 Nb6) 17. Bxd7 Qxe2 18. Nc1 {[%emt 0:00:30] [#]} (18. Nc5 $18) 18... Qh5 $16 19. Qh4 Qxh4 20. gxh4 Rfd8 {[%emt 0:00:30] This move loses the game for Black.} (20... Nxd7 $16 21. Rxd7 a5) 21. Bb5 $18 Rd4 (21... h6 $142) 22. f3 Rxh4 23. Bc4 a5 24. Ne2 {[%emt 0:00:30] Against Rd4} ({Don't play} 24. Bxf7+ Bxf7 25. Nxf7 Nd5 26. Nxe5 a4 $18) 24... h6 25. Ne4 {[%emt 0:00:30] Weighted Error Value: White=0.25 (precise) /Black=0.34} ({Resist} 25. Nxf7 Rxc4 26. Nxh6+ (26. dxc4 Bxf7 27. c5 Bd5 $16) 26... gxh6 $18) 1-0

[Event "German Bundesliga 2021-22"]
[Site "Germany"]
[Date "2022.04.10"]
[Round "4.8"]
[White "Koellner, Ruben Gideon"]
[Black "Huesmann, Thomas"]
[Result "1-0"]
[ECO "A80"]
[WhiteElo "2441"]
[BlackElo "2133"]
[Annotator "NA RC"]
[PlyCount "85"]
[EventDate "2022.03.05"]
[EventType "team-tourn"]
[EventCountry "GER"]
[SourceTitle "playchess.com"]
[Source "ChessBase"]
[SourceQuality "1"]
[TimeControl "40/5400+30:1800+30"]

1. d4 f5 2. Nc3 Nf6 3. Bg5 d5 4. Bxf6 exf6 5. e3 Be6 6. Bd3 Qd7 7. Qf3 Nc6 8. O-O-O O-O-O 9. h4 h5 10. Nh3 g6 11. Nf4 Bf7 12. Kb1 Kb8 13. Rc1 Ne5 14. Qe2 Nxd3 15. cxd3 c6 16. Na4 b6 17. Nc3 Bd6 18. g3 Rhe8 19. Qd1 Rc8 20. Qa4 b5 21. Qb3 a6 22. Na4 Qb7 23. Nc5 Bxc5 24. Rxc5 Qb6 25. Qc3 Kb7 26. Ne2 Rc7 27. Nc1 a5 28. Nb3 Ra8 29. a4 Kc8 30. Rc1 Be8 31. axb5 a4 32. Na1 Ra5 33. bxc6 Rxc5 34. Qxc5 Qxc5 35. Rxc5 Rxc6 36. Nc2 Kb7 37. Nb4 Rb6 38. Nxd5 Rb3 39. Rc3 Bb5 40. Rxb3 axb3 41. Nf4 g5 42. Nxh5 Bxd3+ 43. Kc1 1-0

[Event "German Bundesliga 2021-22"]
[Site "Germany"]
[Date "2022.04.10"]
[Round "4.8"]
[White "Abergel, Thal"]
[Black "Ciolek, Andreas"]
[Result "1/2-1/2"]
[ECO "B90"]
[WhiteElo "2384"]
[BlackElo "2194"]
[Annotator "NA RC"]
[PlyCount "42"]
[EventDate "2022.03.05"]
[EventType "team-tourn"]
[EventCountry "GER"]
[SourceTitle "playchess.com"]
[Source "ChessBase"]
[SourceQuality "1"]
[TimeControl "40/5400+30:1800+30"]

1. e4 c5 2. Nf3 d6 3. d4 cxd4 4. Nxd4 Nf6 5. Nc3 a6 6. h4 e5 7. Nb3 Be7 8. Be2 Be6 9. f4 Qc7 10. f5 Bc4 11. g4 h6 12. Be3 b5 13. Bxc4 Qxc4 14. Qf3 b4 15. Nd2 Qc6 16. Ne2 d5 17. exd5 Qxd5 18. Qxd5 Nxd5 19. Bf2 Nd7 20. O-O-O N7f6 21. Rhg1 h5 1/2-1/2

[Event "German Bundesliga 2021-22"]
[Site "Germany"]
[Date "2022.04.10"]
[Round "4.8"]
[White "Meissner, Felix"]
[Black "Breier, Andreas"]
[Result "1-0"]
[ECO "B51"]
[WhiteElo "2381"]
[BlackElo "2368"]
[Annotator "NA RC"]
[PlyCount "97"]
[EventDate "2022.03.05"]
[EventType "team-tourn"]
[EventCountry "GER"]
[SourceTitle "playchess.com"]
[Source "ChessBase"]
[SourceQuality "1"]
[TimeControl "40/5400+30:1800+30"]

1. e4 c5 2. Nf3 d6 3. Bb5+ Nd7 4. O-O Ngf6 5. Re1 a6 6. Bf1 e5 7. c3 Be7 8. d4 O-O 9. a4 b6 10. d5 Ne8 11. Na3 Rb8 12. Nc4 g6 13. Bh6 Ng7 14. b4 f6 15. Rb1 Qc7 16. g3 Rf7 17. Rb2 Nf8 18. bxc5 bxc5 19. Rxb8 Qxb8 20. Qb1 Qc7 21. Qb6 Qd7 22. Qb8 Qd8 23. Qb6 Ne8 24. Rb1 Qd7 25. Qb8 Bd8 26. Bxf8 Rxf8 27. Nb6 Bxb6 28. Rxb6 Kf7 29. Nd2 Ke7 30. Nc4 f5 31. Rc6 Bb7 32. Nb6 Bxc6 33. Nxd7 Bxd7 34. Qa7 Nf6 35. exf5 Nxd5 36. fxg6 hxg6 37. Bh3 Rd8 38. Bxd7 Rxd7 39. Qxa6 Nxc3 40. Qc4 Nxa4 41. Qxa4 d5 42. Qh4+ Ke6 43. Qg4+ Kd6 44. Qxg6+ Kc7 45. Qe6 d4 46. Qxe5+ Kc6 47. Kf1 Ra7 48. Qe6+ Kb5 49. Qb3+ 1-0

[Event "German Bundesliga 2021-22"]
[Site "Germany"]
[Date "2022.04.10"]
[Round "4.9"]
[White "Sarana, Alexey"]
[Black "Cheparinov, Ivan"]
[Result "1/2-1/2"]
[ECO "D26"]
[WhiteElo "2685"]
[BlackElo "2672"]
[Annotator "TA"]
[PlyCount "40"]
[EventDate "2022.03.05"]
[EventType "team-tourn"]
[EventCountry "GER"]
[SourceTitle "playchess.com"]
[Source "ChessBase"]
[SourceQuality "1"]
[TimeControl "40/5400+30:1800+30"]

1. d4 d5 2. c4 dxc4 3. Nf3 Nf6 4. e3 e6 5. Bxc4 c5 6. O-O Nc6 7. Nc3 a6 {[%emt 0:00:00] The main line 7...a6 scores better than 7...cxd4.} 8. a3 b5 9. Ba2 {[%emt 0:00:00] D40: Queen's Gambit Declined: Semi-Tarrasch with 5 e3.} Bb7 10. dxc5 (10. Qe2 {is interesting.} cxd4 11. Rd1 b4 12. axb4 Bd6 13. exd4 Nxb4 14. d5) 10... Qxd1 11. Rxd1 {[%emt 0:00:03] Hoping for b4.} Bxc5 12. b4 Be7 13. Bb2 O-O {[%emt 0:00:00] [#]} 14. Nd2 $146 ({Predecessor:} 14. Kf1 Rfd8 15. Rxd8+ Rxd8 16. Rd1 Rxd1+ 17. Nxd1 Kf8 18. Ke2 Ke8 19. Nd2 g6 20. f3 {½-½ (58) Lintchevski,D (2570)-Alekseev,E (2589) St Petersburg 2021}) 14... Ne5 15. Rab1 Rfd8 (15... Nd3 {seems wilder.} 16. Ba1 Ng4 17. Nce4 Rfd8) 16. h3 {[%emt 0:00:36] The position is equal.} Rac8 17. Bb3 Bd6 18. Ne2 Bb8 19. Nd4 Bd5 20. Kf1 h5 {[%emt 0:02:35] A balanced but interesting game.  Weighted Error Value: White=0.11 (very precise) /Black=0.08 (flawless)} 1/2-1/2

[Event "German Bundesliga 2021-22"]
[Site "Germany"]
[Date "2022.04.10"]
[Round "4.9"]
[White "Nisipeanu, Liviu-Dieter"]
[Black "Fressinet, Laurent"]
[Result "1-0"]
[ECO "D53"]
[WhiteElo "2652"]
[BlackElo "2630"]
[Annotator "TA"]
[PlyCount "41"]
[EventDate "2022.03.05"]
[EventType "team-tourn"]
[EventCountry "GER"]
[SourceTitle "playchess.com"]
[Source "ChessBase"]
[SourceQuality "1"]
[TimeControl "40/5400+30:1800+30"]

1. d4 Nf6 2. c4 e6 3. Nc3 d5 4. Bg5 Be7 5. e3 h6 6. Bh4 dxc4 {[%emt 0:00:00] D53: Queen's Gambit Declined: 4 Bg5 Be7: Early deviations.} 7. Bxc4 c5 8. Nf3 cxd4 {[%emt 0:00:00] The position is equal.} 9. Nxd4 Bd7 {[%emt 0:00:00] [#]} 10. Qe2 $5 $146 {[%emt 0:15:15][%mdl 8] New and interesting.} ({Predecessor:} 10. O-O O-O 11. Rc1 Nc6 12. Nb3 Rc8 13. Be2 Nd5 14. Bg3 Nxc3 15. Rxc3 Nb4 16. Rxc8 Qxc8 17. Bd6 Nd5 18. Bxe7 Nxe7 19. Qd6 {½-½ (28) Carlsen,M (2872)-Caruana,F (2822) Wijk aan Zee 2020}) 10... O-O 11. Rd1 Qc8 12. g4 (12. Nf3 $14) 12... Nc6 13. g5 (13. O-O $11) 13... Nxd4 $2 ({Black should try} 13... Nh7 $1 $17 14. gxh6 Bxh4 15. hxg7 Rd8) 14. Rxd4 $14 hxg5 15. Bxg5 b5 {[%emt 0:00:11] [#] White must now prevent ...Qb7.} 16. Bb3 $1 {[%emt 0:06:51] aiming for Rh4.} (16. Nxb5 $6 Qc5 17. h4 (17. Bxf6 Bxf6 18. Rxd7 Qc6 $11) 17... Bxb5 18. Bxb5 Rad8 $11) (16. Bxb5 $6 Bxb5 17. Qxb5 Rb8 $15) 16... b4 17. Ne4 {[%emt 0:03:04] &Bianco is more active.} Nxe4 {[%emt 0:04:34] This costs Black the game.} (17... Qc1+ $16 18. Bd1 Nxe4 19. Bxe7 Rfe8) 18. Bxe7 $18 Re8 {[%emt 0:04:21] [#]} 19. Bh4 {[%emt 0:00:25] A strong pair of Bishops.} ({Not} 19. Rxe4 Qc6 20. Qc4 Rxe7 $14) ({Weaker is} 19. Bxb4 Qc1+ 20. Bd1 Nf6 $16) 19... Bc6 (19... Qc1+ $142 20. Rd1 Qc7) 20. Rg1 {[%emt 0:01:32] Strongly threatening Qg4.} e5 {[%emt 0:01:32] [#]} (20... Bd5 $142 21. Bc2 Qc6) 21. Qh5 $1 {[%emt 0:01:21] Weighted Error Value: White=0.23 (precise) /Black=0.55} 1-0

[Event "German Bundesliga 2021-22"]
[Site "Germany"]
[Date "2022.04.10"]
[Round "4.9"]
[White "Santos Latasa, Jaime"]
[Black "Harikrishna, Pentala"]
[Result "1/2-1/2"]
[ECO "C54"]
[WhiteElo "2640"]
[BlackElo "2719"]
[Annotator "TA"]
[PlyCount "114"]
[EventDate "2022.03.05"]
[EventType "team-tourn"]
[EventCountry "GER"]
[SourceTitle "playchess.com"]
[Source "ChessBase"]
[SourceQuality "1"]
[TimeControl "40/5400+30:1800+30"]

1. e4 e5 2. Nf3 Nc6 3. Bc4 Nf6 4. d3 Bc5 5. O-O d6 6. c3 a5 {[%emt 0:00:00] C54: Giuoco Piano: 4 c3 Nf6, main lines with 5 d4 and 5 d3.} 7. Re1 (7. Bg5 $5 ) 7... Ba7 8. Na3 O-O {[%emt 0:00:00] [#] The position is equal.} 9. Nb5 $146 ({Predecessor:} 9. Bg5 h6 10. Bh4 g5 11. Bg3 Nh7 12. Nc2 h5 13. h4 Bg4 14. hxg5 Nxg5 15. Ne3 Bxe3 16. Rxe3 {0-1 (28) Volokitin,A (2606)-Rakotomaharo,F (2391) Riga 2021}) 9... Bb6 10. h3 h6 11. Bb3 Re8 12. Be3 Bxe3 13. Rxe3 Bd7 14. a4 Ne7 15. Nh4 d5 16. Nf3 Ng6 17. exd5 Bxb5 18. axb5 Nxd5 19. Re4 f5 (19... Nf6 $11 {keeps the balance.}) 20. Re1 {[%emt 0:00:28][%cal Oh3h4] &Bianco is more active.} c6 21. bxc6 (21. g3 $16) 21... bxc6 $14 22. g3 (22. Nd2 {keeps more tension.} Ngf4 23. Nc4 Qg5 24. Qf3) 22... Qf6 (22... Rb8 $11) 23. h4 Kh8 24. h5 (24. Nd2 {is interesting.} Nxh4 25. Bxd5 cxd5 26. gxh4 Qxh4 27. Nf3) 24... Nf8 25. Nh4 g5 26. hxg6 Nxg6 27. Ra4 (27. Bxd5 $14 cxd5 28. Ra4) 27... f4 $1 $11 28. Qh5 Nxh4 29. Qxh4 Qxh4 30. gxh4 Nf6 31. Bc4 Ra7 (31... f3 $11 {remains equal.}) 32. Kf1 e4 $1 33. b4 $1 e3 ({Better is} 33... Rg7 $14) 34. fxe3 (34. bxa5 $6 Ng4 $11) (34. Rxa5 $16 Rg7 35. fxe3) 34... fxe3 (34... Ng4 $1 $14) 35. Rxa5 Rg7 36. Ra2 $2 (36. Ke2 $18) 36... Nd5 (36... Nh5 $1 $11) 37. Bxd5 $14 cxd5 {[%emt 0:00:25][%mdl 4096] Endgame KRR-KRR} 38. Rg2 {[%emt 0:00:25] Strongly threatening Rxg7.} Rc7 39. Rc1 Ra8 {[%emt 0:02:11] [#]} (39... Rf8+ $1 $11 40. Ke2 d4) 40. Rcc2 ({White should play} 40. d4 $1 $16) 40... d4 $11 41. Ke2 Ra1 42. Kf3 Rf1+ 43. Ke4 e2 44. Rgxe2 ({But not} 44. Rcxe2 dxc3 45. Rc2 Rb1 $16) 44... dxc3 45. Kd4 Rb1 46. Rxc3 Rd7+ 47. Ke3 {[%emt 0:00:00] Threatens to win with Rc4.} Re7+ 48. Kf2 Rf7+ 49. Kg2 Rg7+ 50. Kh2 Rxb4 {[%emt 0:00:13][%cal Rb4h4] [#]} 51. Rc4 Rxc4 52. dxc4 {[%emt 0:00:00] KR-KR} Rg4 53. Rc2 $2 (53. c5 $11 Rxh4+ 54. Kg2) 53... Rxh4+ 54. Kg3 {[%emt 0:00:00] Mate.} Rd4 55. c5 Kg7 56. c6 Rd8 57. Kf4 Kf6 {[%emt 0:00:06][%mdl 32768] Quite a comeback for Black.  Weighted Error Value: White=0.19 (very precise) /Black=0.17 (very precise) . An unexpected result.} 1/2-1/2

[Event "German Bundesliga 2021-22"]
[Site "Germany"]
[Date "2022.04.10"]
[Round "4.9"]
[White "Haria, Ravi"]
[Black "Vachier-Lagrave, Maxime"]
[Result "1/2-1/2"]
[ECO "B52"]
[WhiteElo "2490"]
[BlackElo "2761"]
[Annotator "TA"]
[PlyCount "44"]
[EventDate "2022.03.05"]
[EventType "team-tourn"]
[EventCountry "GER"]
[SourceTitle "playchess.com"]
[Source "ChessBase"]
[SourceQuality "1"]
[TimeControl "40/5400+30:1800+30"]

1. e4 c5 2. Nf3 d6 3. Bb5+ Bd7 4. Bxd7+ Qxd7 5. O-O Nc6 6. c3 d5 7. exd5 Qxd5 8. d4 e6 9. Be3 Nf6 {[%emt 0:03:13] B52: Sicilian: Moscow Variation with 3...Bd7.} 10. dxc5 O-O-O 11. Qxd5 Nxd5 {[%emt 0:00:13] White is slightly better.} 12. b4 Be7 {[%emt 0:01:42] [#]} 13. a3 $146 ({Predecessor:} 13. a4 Rhe8 14. a5 Bf6 15. Ra3 Nc7 16. g4 h6 17. Rc1 Nb5 18. Rb3 e5 19. Nfd2 {½-½ (46) Schatz,D (1927)-Jarecki,M (1840) GER email 2011}) 13... Bf6 14. Ra2 Rd7 ({Don't play} 14... Nxc3 15. Nxc3 Bxc3 16. Ng5 $16) 15. Nd4 ({White should play} 15. Rc2 $16) 15... Nxc3 $11 16. Nxc3 Bxd4 17. Ne4 {[%emt 0:03:46] [#] Black must now prevent b5.} Bxe3 18. fxe3 Ne5 19. Kf2 f6 20. Ke2 Rhd8 21. Nd6+ Kb8 22. Rc2 b6 {[%emt 0:09:22] Weighted Error Value: White=0.10 (very precise) /Black=0.08 (flawless)} 1/2-1/2